 Dungeon Crawl Stone Soup version 0.26-a0-547-g695e311587 (webtiles) character file.

Game seed: 2574438153117534421

343528 Murumi the Peltast (level 23, -4/190 HPs)
             Began as a Formicid Fighter on Aug 18, 2020.
             Was the Champion of Okawaru.
             Killed from afar by a tengu reaver (38 damage)
             ... with a bolt of lightning
             ... on level 4 of the Depths on Aug 20, 2020.
             The game lasted 03:46:23 (51763 turns).

Murumi the Peltast (Formicid Fighter)              Turns: 51763, Time: 03:46:23

Health: -4/190     AC: 34    Str: 28    XL:     23   Next: 6%
Magic:  25/32      EV: 19    Int: 12    God:    Okawaru [******]
Gold:   2894       SH: 29    Dex: 16    Spells: 22/22 levels left

rFire    + . .     SeeInvis +   a - +5 great sword (elec)
rCold    . . .     Faith    .   q - +0 tower shield of Duadiudo {+Inv Int+4}
rNeg     . . .     Spirit   .   V - +0 crystal plate armour of Prudence {rF+}
rPois    .         Reflect  +   (helmet unavailable)
rElec    .         Harm     .   G - +0 cloak {Stlth+}
rCorr    .                      C - +2 pair of gloves {archery}
MR       ++...                  z - +2 pair of boots of Tender Moments {Str+3}
Stlth    ..........             S - amulet of reflection
HPRegen  0.41/turn              W - +4 ring of evasion
MPRegen  0.23/turn              h - +4 ring of evasion

@: lethally poisoned (-4 -> -21)
A: permanent stasis, dig shafts and tunnels, four strong arms, antennae 3
}: 2/15 runes: serpentine, barnacled
a: Dig, Shaft Self, Heroism, Finesse, Renounce Religion, Evoke Invisibility


You were on level 4 of the Depths.
You worshipped Okawaru.
Okawaru was exalted by your worship.
You visited 7 branches of the dungeon, and saw 36 of its levels.
You also visited: Ice Cave and Volcano.

You collected 4194 gold pieces.
You spent 1300 gold pieces at shops.

Inventory:

Hand Weapons
 a - a +5 great sword of electrocution (weapon)
 f - the +11 arbalest of the Living Dead {penet, +Inv +Fly rPois SInv}
   (Okawaru gifted it to you on level 11 of the Dungeon)

   Ammo fired by it will pass through the targets it hits, potentially hitting
   all targets in its path until it reaches maximum range.
   It protects you from poison.
   It lets you see invisible.
   It lets you turn invisible.
   It lets you fly.
 D - a +1 great sword of flaming
 Q - a +6 vorpal triple crossbow
Missiles
 g - 826 bolts
Armour
 q - the +0 tower shield of Duadiudo (worn) {+Inv Int+4}
   (Okawaru gifted it to you in a volcano)

   It affects your intelligence (+4).
   It lets you turn invisible.
 z - the +2 pair of boots of Tender Moments (worn) {Str+3}
   (Okawaru gifted it to you on level 4 of the Depths)

   It affects your strength (+3).
 C - a +2 pair of gloves of archery (worn)
 G - a +0 cloak of stealth (worn)
 V - the +0 crystal plate armour of Prudence (worn) {rF+}
   (Okawaru gifted it to you on level 2 of the Depths)

   It protects you from fire.
Jewellery
 b - an uncursed amulet of guardian spirit
 h - a +4 ring of evasion (right hand)
 i - an uncursed ring of protection from magic
 j - an uncursed ring of flight
 n - the ring of Fuezabb {rC++ Dex+2 Stlth+}
   (You acquired it on level 5 of the Dungeon)

   [ring of stealth]

   It affects your dexterity (+2).
   It greatly protects you from cold.
   It makes you more stealthy.
 v - an uncursed ring of resist corrosion
 L - the ring "Earthly Heaven" {Ice rPois Dex+8}
   (You took it off a vampire knight on level 2 of the Depths)

   [ring of ice]

   It enhances your ice magic.
   It affects your dexterity (+8).
   It makes you vulnerable to fire.
   It protects you from cold.
   It protects you from poison.
 N - an uncursed ring of positive energy
 R - the ring of Ariluwn {rElec Dex+2 Stlth-}
   (You bought it in a shop on level 8 of the Dungeon)

   [ring of attention]

   It affects your dexterity (+2).
   It insulates you from electricity.
   It makes you less stealthy.
 S - an amulet of reflection (around neck)
 U - an uncursed ring of positive energy
 W - a +4 ring of evasion (left hand)
 Z - the ring of Music {rPois rC++ MR- Stlth-}
   (You found it on level 1 of the Snake Pit)

   [ring of attention]

   It greatly protects you from cold.
   It protects you from poison.
   It affects your resistance to hostile enchantments.
   It makes you less stealthy.
Wands
 e - a wand of enslavement (33)
 s - a wand of disintegration (23)
 t - a wand of iceblast (26)
 F - a wand of flame (49)
 H - a wand of polymorph (49)
 M - a wand of random effects (22)
 O - a wand of acid (22)
Scrolls
 l - 9 scrolls of enchant armour
 p - 6 scrolls of fog
 r - 2 scrolls of summoning
 w - 6 scrolls of amnesia
 y - 13 scrolls of remove curse
 K - 5 scrolls of fear
 T - 17 scrolls of identify
 Y - 6 scrolls of magic mapping
Potions
 k - 4 potions of brilliance
 m - a potion of heal wounds
 o - 2 potions of ambrosia
 u - 8 potions of curing
 x - 7 potions of might
 A - 2 potions of cancellation
 B - 3 potions of flight
 E - a potion of resistance
 I - 4 potions of invisibility
 P - 2 potions of mutation
Miscellaneous
 c - a phantom mirror
 d - a phial of floods
 J - a box of beasts (3/3)
 X - a condenser vane (2/2)


   Skills:
 - Level 18.0 Fighting
 - Level 15.0 Long Blades
 - Level 15.0 Crossbows
 + Level 17.4 Armour
 - Level 9.0 Dodging
 - Level 19.0 Shields
 - Level 12.0 Invocations
 - Level 11.0 Evocations


You had 22 spell levels left.
You didn't know any spells.
Your spell library contained the following spells:

 Spells                   Type           Power        Failure   Level
 Animate Skeleton         Necr           #.....       99%         1
 Apportation              Tloc           #.....       99%         1
 Corona                   Hex            #......      99%         1
 Foxfire                  Conj/Fire      #...         99%         1
 Magic Dart               Conj           #...         99%         1
 Pain                     Necr           #...         99%         1
 Sandblast                Erth           #.....       99%         1
 Corpse Rot               Necr/Air       N/A          100%        2
 Passwall                 Tmut/Erth      #.......     100%        2
 Searing Ray              Conj           #.....       100%        2
 Slow                     Hex            #.......     100%        2
 Sublimation of Blood     Necr           #.........   100%        2
 Confusing Touch          Hex            #.......     100%        3
 Conjure Flame            Conj/Fire      #.......     100%        3
 Dazzling Flash           Conj/Hex       #.....       100%        3
 Gell's Gravitas          Tloc           #.........   100%        3
 Inner Flame              Hex/Fire       #.......     100%        3
 Lesser Beckoning         Tloc           #.........   100%        3
 Portal Projectile        Hex/Tloc       #.....       100%        3
 Stone Arrow              Conj/Erth      #.....       100%        3
 Tukima's Dance           Hex            #.......     100%        3
 Vampiric Draining        Necr           #.........   100%        3
 Animate Dead             Necr           #.........   100%        4
 Cause Fear               Hex            #.........   100%        4
 Fulminant Prism          Conj/Hex       #.........   100%        4
 Iskenderun's Mystic Bla  Conj/Tloc      #.......     100%        4
 Leda's Liquefaction      Hex/Erth       #.........   100%        4
 Petrify                  Tmut/Erth      #.......     100%        4
 Sticky Flame             Conj/Fire      #.......     100%        4
 Agony                    Necr           #.......     100%        5
 Alistair's Intoxication  Tmut/Pois      #........    100%        5
 Excruciating Wounds      Necr           #.........   100%        5
 Fireball                 Conj/Fire      #.........   100%        5
 Metabolic Englaciation   Hex/Ice        #.........   100%        5
 Summon Forest            Summ/Tloc      #.........   100%        5
 Yara's Violent Unravell  Hex/Tmut       #.........   100%        5
 Dispersal                Tloc           #.........   100%        6
 Eringya's Noxious Bog    Tmut/Pois      #.........   100%        6
 Hydra Form               Tmut           #.........   100%        6
 Invisibility             Hex            #.......     100%        6
 Iron Shot                Conj/Erth      #.........   100%        6
 Summon Hydra             Summ           #.........   100%        7
 Disjunction              Tloc           #.........   100%        8
 Controlled Blink         Tloc           Unusable     N/A         8

Dungeon Overview and Level Annotations

Branches:
Dungeon (15/15)            Temple (1/1) D:4            Lair (6/6) D:10
 Shoals (4/4) Lair:4        Snake (4/4) Lair:2        Slime (0/5) Lair:6
    Orc (2/2) D:9             Elf (0/3) Orc:2        Vaults (0/5) D:13
 Depths (4/5) D:15          IceCv (visited)         Volcano (visited)

Altars:
Ashenzari
Cheibriados
Dithmenos
Elyvilon
Fedhas
Gozag
Hepliaklqana
Kikubaaqudgha
Makhleb
Nemelex Xobeh
Okawaru
Qazlal
Ru
Sif Muna
Trog
Uskayaw
Vehumet
Wu Jian
Xom
Yredelemnul
Zin
The Shining One

Shops:
D:8 =   Orc:2 !((?   Snake:3 (=}=

Portals:
Hell: Depths:1 Depths:2 Depths:3 Depths:4
Abyss: Depths:2 Depths:3 Depths:4
Pandemonium: Depths:3 Depths:4


Innate Abilities, Weirdness & Mutations

You cannot be hasted, slowed, berserked, paralysed or teleported.
You can dig through walls and to a lower floor.
Your four strong arms can wield two-handed weapons with a shield.
You have a pair of large antennae on your head. (SInv)


Message History

You feel better. The spriggan defender misses you.
A tengu reaver comes into view. It is wielding a +0 dire flail.
You block the spriggan rider's attack.
You block the spriggan defender's attack.
Your crystal plate armour of Prudence prevents you from hitting the spriggan rider.
You block the spriggan defender's attack.
The spriggan rider misses you.
You closely miss the spriggan rider.
You are no longer corroded.
You block the spriggan defender's attack.
You block the spriggan rider's attack.
You slash the spriggan rider!
The spriggan rider is lightly wounded.
The spriggan defender hits you with a +2 lajatang of venom!
* * * LOW HITPOINT WARNING * * *
You are poisoned.
A tengu reaver comes into view.
It is wielding a +0 battleaxe and wearing a +0 ring mail of cold resistance.
The tengu reaver gestures at you while chanting.
The bolt of lightning hits you!!!
You die...

##))## { { {
##''## #....# { {
{ #....# #....# {
{ ##...##
#..'Q##### #####
###''.Q..##i...##
{ ##...8.'@.....#
{ #.....'i.....#
###...##...### {
##### #### {{ {{
{ # # { ## ## {
##. .## { { ##..


You could see 2 tengu reavers, a spriggan defender and a spriggan rider.

Vanquished Creatures
  An ancient lich (Depths:3)
  Vashnia (Snake:4)
  Saint Roka (Depths:2)
  Jory (Depths:3)
  A lich (Depths:4)
  Jorgrun (Orc:2)
  A tentacled monstrosity (Depths:2)
  Asterion (Depths:3)
  A titan (Depths:2)
  A quicksilver dragon (Depths:2)
  Kirke (Snake:4)
  4 tengu reavers
  5 shadow dragons
  7 nagarajas
  An orc warlord (Orc:1)
  4 fire giants
  2 frost giants
  A caustic shrike zombie (Depths:3)
  Aizul (Depths:1)
  2 iron dragons (Depths:4)
  10 stone giants
  The ghost of brujo666 the Quickloader, a journeyman GnFi of Gozag (Shoals:1)
  10 very ugly things
  Nessos (Lair:6)
  4 vampire knights
  Azrael (D:14)
  8 ettins
  6 merfolk javelineers
  6 fire dragons
  7 deep elf death magi
  6 merfolk impalers
  6 great orbs of eyes
  3 yaktaur captains
  2 jiangshi (Depths:1)
  3 rakshasas
  7 ice dragons
  11 naga warriors
  A spriggan air mage (Depths:3)
  Josephine (Lair:4)
  12 anacondas
  Harold (D:10)
  6 hydras
  7 ogre magi
  An alligator snapping turtle (Shoals:1)
  7 centaur warriors
  A hell beast (Depths:2)
  A death yak (shapeshifter) (D:13)
  6 merfolk aquamancers
  6 merfolk avatars
  4 satyrs
  A queen ant (Lair:2)
  29 two-headed ogres
  6 deep troll earth magi
  10 tengu warriors
  2 vampire magi (Depths:1)
  4 deep troll shamans
  8 shock serpents
  A death yak (IceCv)
  3 orc high priests (Orc:2)
  2 spriggan berserkers (Depths:4)
  16 naga sharpshooters
  4 soul eaters (Depths:3)
  A hell knight (Volcano)
  A small abomination (Depths:3)
  2 salamander mystics
  2 iron trolls
  5 skeletal warriors (Depths:3)
  2 shadow wraiths (Depths:3)
  16 sea snakes
  15 deep trolls
  A shadow demon (Depths:3)
  3 unseen horrors
  2 flayed ghosts
  6 orc knights
  A tengu zombie (Depths:2)
  2 glowing orange brains
  A golden dragon skeleton (Depths:4)
  13 naga ritualists
  2 wizards
  18 harpies
  5 necromancers
  A shadow dragon skeleton (Depths:3)
  8 mana vipers
  25 fauns
  5 orc sorcerers
  4 deep elf magi (D:15)
  2 oklob plants
  13 salamanders
  9 ugly things
  19 manticores
  9 elephants
  7 cyclopes
  A rust devil (Depths:2)
  11 merfolk sirens
  2 guardian serpents (Snake:4)
  A fire giant skeleton (Depths:3)
  27 naga magi
  6 water nymphs
  32 black mambas
  An ice statue (IceCv)
  2 centaur zombies (D:14)
  4 cane toads
  2 gargoyles
  A spriggan skeleton (Depths:2)
  2 rime drakes (shapeshifter)
  5 rime drakes
  An efreet (D:14)
  2 freezing wraiths
  13 yaktaurs
  11 komodo dragons
  3 tengu conjurers
  A queen bee (D:11)
  23 polar bears
  A red devil (Depths:3)
  7 wind drakes
  A tengu simulacrum (Depths:3)
  5 trolls
  26 merfolk
  A hippogriff (shapeshifter) (D:14)
  A merfolk (shapeshifter) (Depths:4)
  24 dream sheep
  25 slime creatures
  8 blink frogs
  9 hornets
  13 snapping turtles
  4 hippogriffs
  2 meliai zombies
  A spriggan (shapeshifter) (Depths:2)
  5 wraiths
  A vampire (D:13)
  2 shadows
  2 wyverns
  52 yaks
  15 water elementals
  A steam dragon (D:15)
  5 hogs (Snake:4)
  A basilisk (D:14)
  A chaos spawn (Depths:3)
  2 elf zombies
  5 fire elementals
  A spriggan simulacrum (Depths:2)
  5 vampire mosquitoes
  Menkaure (D:7)
  7 wargs
  4 soldier ants (Lair:2)
  2 hell hounds
  50 nagas
  6 water moccasins
  8 porcupines
  A black bear (shapeshifter) (Depths:2)
  A hornet zombie (D:13)
  5 ice beasts
  35 orc warriors
  6 sky beasts
  A black bear (Lair:2)
  2 necrophages
  3 phantoms
  22 centaurs
  4 boggarts (Depths:2)
  A boggart (shapeshifter) (Depths:3)
  22 wolves
  23 ogres
  17 crocodiles
  Blork the orc (D:4)
  3 big kobolds
  17 bullfrogs
  A human simulacrum (Depths:4)
  8 scorpions
  19 killer bees
  3 electric eels
  9 wights
  A howler monkey (D:10)
  A lava snake (D:12)
  14 orc priests
  7 hounds
  6 jellies
  21 orc wizards
  A bullfrog skeleton (D:12)
  3 centaur skeletons
  2 iguanas
  26 worker ants
  A hound zombie (D:9)
  A hound skeleton (D:6)
  A howler monkey zombie (D:6)
  7 gnolls
  A howler monkey skeleton (D:7)
  12 adders
  A shadow imp (D:9)
  A white imp (D:7)
  5 ufetubi
  17 oozes
  3 adder skeletons
  5 worms
  5 dart slugs
  3 leopard geckos
  74 orcs
  A ball python (D:1)
  8 bats
  10 giant cockroaches
  3 goblins
  8 hobgoblins
  19 jackals
  3 quokkas
  5 frilled lizards
  21 kobolds
  4 rats
  A bush (Lair:6)
  A crawling corpse (Depths:3)
  12 plants
1444 creatures vanquished.

Vanquished Creatures (collateral kills)
  A porcupine (Lair:1)
1 creature vanquished.

Vanquished Creatures (others)
  A merfolk aquamancer (Shoals:4)
  3 naga magi
  A polar bear (IceCv)
  3 slime creatures (D:14)
  A wolf (IceCv)
  An orc wizard (Orc:2)
  An orc (D:10)
  22 fungi
  24 plants
57 creatures vanquished.

Grand Total: 1502 creatures vanquished

Notes
Turn   | Place    | Note
-------+----------+-------------------------------------------
     0 | D:1      | Murumi the Formicid Fighter began the quest for the Orb.
     0 | D:1      | Reached XP level 1. HP: 18/18 MP: 1/1
    78 | D:1      | Reached skill level 1 in Dodging
   186 | D:1      | Reached XP level 2. HP: 24/24 MP: 2/2
   330 | D:1      | Reached skill level 4 in Shields
   657 | D:1      | Reached XP level 3. HP: 29/29 MP: 3/3
  1348 | D:2      | Reached skill level 1 in Evocations
  1464 | D:2      | Found an opulent altar of Gozag.
  1484 | D:2      | Reached XP level 4. HP: 35/35 MP: 4/4
  1991 | D:2      | Found an opulent altar of Gozag.
  1995 | D:2      | Found a basalt altar of Yredelemnul.
  2676 | D:3      | Found an ornate altar of the Wu Jian Council.
  2819 | D:3      | Reached XP level 5. HP: 42/42 MP: 5/5
  3134 | D:3      | Found a faded altar of an unknown god.
  3433 | D:4      | Noticed an ogre
  3443 | D:4      | Killed an ogre
  3443 | D:4      | Reached skill level 5 in Shields
  3443 | D:4      | Reached XP level 6. HP: 9/48 MP: 6/6
  3711 | D:4      | Found a staircase to the Ecumenical Temple.
  3714 | D:4      | Noticed Blork the orc
  3726 | D:4      | Killed Blork the orc
  3746 | Temple   | Entered the Ecumenical Temple
  4175 | Temple   | Became a worshipper of Warmaster Okawaru
  4238 | D:4      | Noticed an ogre
  4252 | D:4      | Killed an ogre
  4252 | D:4      | Reached skill level 5 in Fighting
  4252 | D:4      | Reached XP level 7. HP: 48/56 MP: 7/7
  4613 | D:4      | Reached skill level 5 in Armour
  4727 | D:4      | Reached skill level 1 in Invocations
  5305 | D:5      | Entered Level 5 of the Dungeon
  5468 | D:5      | Reached * piety under Okawaru
  5502 | D:5      | Reached skill level 6 in Shields
  5502 | D:5      | Reached XP level 8. HP: 33/62 MP: 10/10
  6064 | D:5      | Reached skill level 7 in Shields
  6082 | D:5      | Identified a scroll of acquirement
  6082 | D:5      | Acquired the ring of Fuezabb {rC++ Dex+2 Stlth+}
  6473 | D:5      | Found a hide-covered altar of Uskayaw.
  6841 | D:6      | Found a white marble altar of Elyvilon.
  7121 | D:6      | Reached ** piety under Okawaru
  7493 | D:6      | Found a runed translucent door.
  7494 | D:6      | Found a runed translucent door.
  7652 | D:6      | Reached skill level 5 in Long Blades
  7673 | D:6      | Reached XP level 9. HP: 23/69 MP: 8/11
  8001 | D:6      | Reached skill level 8 in Shields
  9129 | D:7      | Reached *** piety under Okawaru
  9212 | D:7      | Noticed Menkaure
  9214 | D:7      | Killed Menkaure
  9231 | D:7      | Found a sparkling altar of Nemelex Xobeh.
  9295 | D:7      | Reached XP level 10. HP: 77/79 MP: 13/13
  9315 | D:7      | Reached skill level 9 in Shields
  9568 | D:7      | Found a bloodstained altar of Trog.
  9568 | D:7      | Found a stormy altar of Qazlal.
  9570 | D:7      | Found a shattered altar of Ashenzari.
  9570 | D:7      | Found a shimmering altar of Xom.
  9656 | D:7      | Noticed an oklob plant
  9844 | D:8      | Found Heush's Jewellery Boutique.
  9851 | D:8      | Bought an uncursed ring of resist corrosion for 280 gold
                  | pieces
  9851 | D:8      | Bought a cursed ring of attention for 63 gold pieces
  9971 | D:7      | Killed an oklob plant
 10231 | D:8      | Reached **** piety under Okawaru
 10332 | D:8      | Reached skill level 5 in Invocations
 10920 | D:9      | Found a staircase to the Orcish Mines.
 11143 | D:9      | Found a glowing silver altar of Zin.
 11781 | D:10     | Entered Level 10 of the Dungeon
 11905 | D:10     | Noticed Harold
 11916 | D:10     | Killed Harold
 11916 | D:10     | Reached ***** piety under Okawaru
 11916 | D:10     | Reached XP level 11. HP: 55/89 MP: 8/14
 11934 | D:10     | Reached skill level 10 in Shields
 11952 | D:10     | Received a gift from Okawaru
 12136 | D:10     | Found a staircase to the Lair.
 12839 | Lair:1   | Entered Level 1 of the Lair of Beasts
 12897 | Lair:1   | Noticed a six-headed hydra
 12909 | Lair:1   | Killed a one-headed hydra
 12909 | Lair:1   | Reached skill level 5 in Evocations
 13229 | Lair:1   | Found a dark tunnel.
 13235 | Volcano  | Entered a volcano
 13376 | Volcano  | Noticed an ogre mage
 13381 | Volcano  | Found a burning altar of Makhleb.
 13382 | Volcano  | Noticed a two-headed ogre
 13385 | Volcano  | Noticed a two-headed ogre
 13390 | Volcano  | Killed a two-headed ogre
 13390 | Volcano  | Received a gift from Okawaru
 13393 | Volcano  | Killed a two-headed ogre
 13393 | Volcano  | Reached skill level 10 in Fighting
 13400 | Volcano  | Killed an ogre mage
 13400 | Volcano  | Reached XP level 12. HP: 80/97 MP: 12/16
 13401 | Volcano  | Noticed a two-headed ogre
 13403 | Volcano  | Noticed a two-headed ogre
 13407 | Volcano  | Noticed a two-headed ogre
 13411 | Volcano  | Killed a two-headed ogre
 13411 | Volcano  | Reached skill level 10 in Armour
 13418 | Volcano  | Killed a two-headed ogre
 13420 | Volcano  | Killed a two-headed ogre
 13423 | Volcano  | Noticed a two-headed ogre
 13440 | Volcano  | Killed a two-headed ogre
 13440 | Volcano  | Reached skill level 11 in Shields
 13449 | Volcano  | Noticed a hell knight
 13643 | Volcano  | Killed a hell knight
 13823 | Volcano  | Got a dazzling tower shield {god gift}
 14059 | Lair:1   | Identified the +0 tower shield of Duadiudo {+Inv Int+4}
                  | (Okawaru gifted it to you in a volcano)
 14580 | Lair:2   | Noticed a seven-headed hydra
 14593 | Lair:2   | Killed a four-headed hydra
 14754 | Lair:2   | Noticed a queen ant
 14775 | Lair:2   | Killed a queen ant
 15128 | Lair:2   | Found a staircase to the Snake Pit.
 15181 | Lair:2   | Received a gift from Okawaru
 15375 | Lair:2   | Reached skill level 12 in Shields
 16210 | Lair:3   | Reached XP level 13. HP: 104/106 MP: 18/18
 16243 | Lair:3   | Noticed an eight-headed hydra
 16259 | Lair:3   | Killed a one-headed hydra
 16486 | Lair:3   | Found a frozen archway.
 16495 | IceCv    | Entered an ice cave
 16602 | IceCv    | Reached skill level 10 in Long Blades
 16701 | IceCv    | Reached skill level 5 in Dodging
 16999 | IceCv    | Received a gift from Okawaru
 17034 | IceCv    | Received a gift from Okawaru
 17166 | IceCv    | Noticed a frost giant
 17186 | IceCv    | Killed a frost giant
 17186 | IceCv    | Reached skill level 13 in Shields
 18125 | Lair:3   | Noticed a four-headed hydra
 18128 | Lair:3   | Killed a four-headed hydra
 18366 | Lair:4   | Reached XP level 14. HP: 106/113 MP: 18/20
 18439 | Lair:4   | Reached skill level 5 in Crossbows
 18464 | Lair:4   | Found a sacrificial altar of Ru.
 18573 | Lair:4   | Noticed Josephine
 18575 | Lair:4   | Killed Josephine
 18848 | Lair:4   | Found a staircase to the Shoals.
 19141 | Lair:5   | Received a gift from Okawaru
 19736 | Lair:6   | Entered Level 6 of the Lair of Beasts
 20080 | Lair:6   | Noticed Nessos
 20086 | Lair:6   | Killed Nessos
 20242 | Lair:6   | Reached skill level 10 in Crossbows
 20886 | Lair:6   | Found an opulent altar of Gozag.
 20965 | Lair:6   | Received a gift from Okawaru
 21009 | Lair:6   | Received a gift from Okawaru
 21156 | Lair:6   | Reached XP level 15. HP: 120/120 MP: 21/21
 21205 | Lair:6   | Identified the Collected Works on the Mountains and the
                  | Voyage
 21238 | Lair:6   | Found a staircase to the Slime Pits.
 21655 | Lair:6   | Upgraded the game from 0.26-a0-542-gbaa144ba5c to
                  | 0.26-a0-546-g3c2127501a
 21848 | Orc:1    | Entered Level 1 of the Orcish Mines
 21848 | Orc:1    | Noticed an orc warlord
 21849 | Orc:1    | Noticed a stone giant
 21886 | Orc:1    | Killed a stone giant
 21908 | Orc:1    | Killed an orc warlord
 22472 | Orc:2    | Entered Level 2 of the Orcish Mines
 22472 | Orc:2    | Found a staircase to the Elven Halls.
 22510 | Orc:2    | Noticed a stone giant
 22522 | Orc:2    | Killed a stone giant
 22635 | Orc:2    | Noticed Jorgrun
 22642 | Orc:2    | Killed Jorgrun
 23065 | Orc:2    | Received a gift from Okawaru
 23309 | Orc:2    | Found Niobidol's Magic Scroll Shop.
 23309 | Orc:2    | Found Habrir's Weapon Shop.
 23311 | Orc:2    | Found Sotessog's Distillery.
 23315 | Orc:2    | Found Ohazod's Antique Weapon Shoppe.
 23335 | Orc:2    | Bought a scroll of enchant weapon for 90 gold pieces
 24128 | D:11     | Reached skill level 14 in Shields
 24311 | D:11     | Received a gift from Okawaru
 24319 | D:11     | Identified the +11 arbalest of the Living Dead {penet, +Inv
                  | +Fly rPois SInv} (Okawaru gifted it to you on level 11 of
                  | the Dungeon)
 25456 | D:13     | Reached XP level 16. HP: 117/128 MP: 22/22
 25946 | D:13     | Found a gate to the Vaults.
 26424 | D:14     | Noticed Azrael
 26438 | D:14     | Received a gift from Okawaru
 26491 | D:14     | HP: 6/130 [Azrael] (18)]
 26895 | D:14     | Killed Azrael
 26916 | D:14     | Received a gift from Okawaru
 27509 | D:15     | Entered Level 15 of the Dungeon
 27729 | D:15     | Reached ****** piety under Okawaru
 27736 | D:15     | Reached skill level 15 in Shields
 27738 | D:15     | Received a gift from Okawaru
 28173 | D:15     | Found a staircase to the Depths.
 28863 | Snake:1  | Entered Level 1 of the Snake Pit
 28913 | Snake:1  | Reached XP level 17. HP: 44/136 MP: 23/23
 29443 | D:8      | Bought the ring of Ariluwn {rElec Dex+2 Stlth-} for 359
                  | gold pieces
 29586 | Snake:1  | Found a transporter.
 29740 | Snake:1  | Found a transporter.
 29788 | Snake:1  | Received a gift from Okawaru
 29971 | Snake:1  | Reached skill level 10 in Invocations
 29996 | Snake:1  | Received a gift from Okawaru
 30616 | Snake:1  | Received a gift from Okawaru
 30701 | Snake:1  | Got a slimy copper amulet
 30702 | Snake:1  | Identified the amulet "Cet Olut" {Faith *Slow rPois rC+
                  | Stlth+} (You found it on level 1 of the Snake Pit)
 30714 | Snake:1  | Identified the ring of Music {rPois rC++ MR- Stlth-} (You
                  | found it on level 1 of the Snake Pit)
 31100 | Snake:2  | Received a gift from Okawaru
 32607 | Snake:3  | Reached skill level 16 in Shields
 32919 | Snake:3  | Found Licao's Antique Weapon Shoppe.
 33056 | Snake:3  | Reached XP level 18. HP: 136/146 MP: 25/25
 33168 | Snake:3  | Found Caeme's Jewellery Emporium.
 33168 | Snake:3  | Found Iniesi's Gadget Shop.
 33169 | Snake:3  | Found Qituh's Jewellery Emporium.
 33175 | Snake:3  | Bought a cursed -4 ring of intelligence for 28 gold pieces
 33179 | Snake:3  | Bought a phial of floods for 480 gold pieces
 33227 | Snake:4  | Entered Level 4 of the Snake Pit
 33300 | Snake:4  | Noticed Vashnia
 33343 | Snake:4  | Killed Vashnia
 33343 | Snake:4  | Received a gift from Okawaru
 33355 | Snake:4  | Received a gift from Okawaru
 33583 | Snake:4  | Noticed Kirke
 33601 | Snake:4  | Killed Kirke
 33601 | Snake:4  | Received a gift from Okawaru
 35095 | Snake:4  | Reached skill level 15 in Fighting
 35843 | Snake:4  | Received a gift from Okawaru
 35855 | Snake:4  | Reached skill level 15 in Armour
 35855 | Snake:4  | Reached XP level 19. HP: 140/155 MP: 26/26
 36102 | Snake:4  | Got a serpentine rune of Zot
 36603 | Shoals:1 | Entered Level 1 of the Shoals
 36620 | Shoals:1 | Found a transporter.
 36626 | Shoals:1 | Noticed brujo666's ghost (journeyman GnFi)
 37056 | Shoals:1 | Found a transporter.
 37126 | Shoals:1 | Reached skill level 17 in Shields
 37943 | Shoals:1 | Received a gift from Okawaru
 37949 | Shoals:1 | Killed brujo666's ghost
 38092 | Shoals:1 | Identified the ring of Xom's Full Attention {Wiz MR+} (You
                  | found it on level 1 of the Shoals)
 38173 | Shoals:1 | HP: 4/155 [drowned by a water elemental (12)]
 38555 | Shoals:1 | Reached skill level 10 in Evocations
 39985 | Shoals:3 | Received a gift from Okawaru
 41302 | Shoals:4 | Entered Level 4 of the Shoals
 41320 | Shoals:4 | Reached XP level 20. HP: 143/162 MP: 28/28
 41483 | Shoals:4 | Received a gift from Okawaru
 41915 | Shoals:4 | Received a gift from Okawaru
 42423 | Shoals:4 | Got a barnacled rune of Zot
 42617 | Shoals:4 | Reached skill level 18 in Shields
 43372 | Depths:1 | Entered Level 1 of the Depths
 43404 | Depths:1 | Noticed Aizul
 43411 | Depths:1 | Killed Aizul
 43549 | Depths:1 | Received a gift from Okawaru
 43860 | Depths:1 | Received a gift from Okawaru
 44479 | Depths:1 | Found a gateway to Hell.
 44851 | Depths:2 | Reached XP level 21. HP: 166/172 MP: 29/29
 46068 | Depths:2 | Received a gift from Okawaru
 46125 | Depths:2 | Found a one-way gate to the infinite horrors of the Abyss.
 46578 | Depths:2 | Upgraded the game from 0.26-a0-546-g3c2127501a to
                  | 0.26-a0-547-g695e311587
 46600 | Depths:2 | Received a gift from Okawaru
 46600 | Depths:2 | Identified the +7 morningstar of Bebb {freeze, rElec rPois
                  | Dex-5}
 46601 | Depths:2 | Identified the ring "Earthly Heaven" {Ice rPois Dex+8}
 46610 | Depths:2 | Reached skill level 15 in Long Blades
 46646 | Depths:2 | Identified the +0 crystal plate armour of Prudence {rF+}
                  | (Okawaru gifted it to you on level 2 of the Depths)
 47162 | Depths:2 | Noticed Saint Roka
 47191 | Depths:2 | Killed Saint Roka
 47360 | Depths:2 | Reached skill level 15 in Crossbows
 47927 | Depths:3 | Noticed Asterion
 48347 | Depths:2 | Received a gift from Okawaru
 48714 | Depths:3 | Reached XP level 22. HP: 177/181 MP: 30/30
 48922 | Depths:3 | Noticed Jory
 48992 | Depths:3 | Killed Jory
 49797 | Depths:3 | Reached skill level 19 in Shields
 50034 | Depths:3 | Noticed an ancient lich
 50051 | Depths:3 | Killed an ancient lich
 50051 | Depths:3 | Received a gift from Okawaru
 50131 | Depths:3 | Identified Kikubaaqudgha's Collected Works on Stolen Souls
 50274 | Depths:3 | Killed Asterion
 50274 | Depths:3 | Received a gift from Okawaru
 50436 | Depths:3 | Found a one-way gate leading to the halls of Pandemonium.
 50757 | Depths:4 | Received a gift from Okawaru
 50772 | Depths:4 | Got a pair of faintly glowing boots {god gift}
 50777 | Depths:4 | Identified the +2 pair of boots of Tender Moments {Str+3}
                  | (Okawaru gifted it to you on level 4 of the Depths)
 51550 | Depths:4 | Reached XP level 23. HP: 129/190 MP: 32/32
 51763 | Depths:4 | Killed from afar by a tengu reaver

Illustrated notes

Levels and vault maps discovered:
D:1:      dpeg_arrival_rooms_b, layout_loops_corners
D:2:      layout_basic, grunt_temple_overflow_open,
          chequers_serial_rivers_large_a, nicolae_gozag_seed_capital
D:3:      layout_loops_ring, lemuel_doored_altar,
          chequers_ecumenical_altar_simple, nicolae_underground_beach
D:4:      layout_cave_pools, minmay_temple_entry_wispy, uniq_blork_the_orc
D:5:      layout_basic, basic_altar
D:6:      lemuel_insect_pit, layout_basic, basic_altar, grunt_ministairs_11
D:7:      lemuel_slime, layout_loops_ring, nemelex_xobeh_ov_fountains_minmay,
          chequers_temple_overflow_statue_of_worship, st_stairs_11,
          uniq_menkaure
D:8:      layout_loops_ring, serial_shops, shop
D:9:      layout_cave_pods, kennysheep_mini_moat, david_orc_2
D:10:     layout_basic, due_lair_maze_entry_diamond, uniq_harold
D:11:     layout_gridville, nicolae_looking_at_the_future
D:12:     layout_basic
D:13:     layout_long_grid, david_vaults_4
D:14:     layout_rooms, minivault_27, roderic_lattice_a, uniq_azrael
D:15:     grunt_enter_depths_magical_seal, layout_basic, minmay_misc_feat_chi
Temple:   nicolae_temple_figure_eight
Lair:1:   layout_cave_pods, lightli_volcano_entry_magma_tube,
          lemuel_fruit_fields
Lair:2:   layout_long_grid, minmay_snake_entry_guardpost_small,
          minmay_another_anthill
Lair:3:   layout_cave_pods, portal_ice_cave_entry_pillars_1, grunt_megastairs_1
Lair:4:   layout_roguey, shoals_dummy_entry, basic_altar, uniq_josephine
Lair:5:   layout_loops_ring
Lair:6:   gammafunk_lair_ancient_temple, layout_regular_city,
          minmay_slime_entry_pillars, basic_altar, minmay_lair_oklob_items,
          uniq_nessos
Shoals:1: argonaut_golden_fleece, layout_shoals, gammafunk_ghost_arena
Shoals:2: layout_shoals
Shoals:3: layout_shoals
Shoals:4: shoals_end_simple, layout_shoals
Snake:1:  gammafunk_its_a_trap, layout_misc_corridors, grunt_ministairs_10,
          serial_bayou_shore_a
Snake:2:  layout_basic, st_stairs_7, nrook_loot_triangle, grunt_megastairs_2
Snake:3:  layout_gridlike, serial_shops, nicolae_shop_behind_doors,
          minmay_shop_grove
Snake:4:  snake_pit, layout_cave_town, uniq_vashnia, uniq_kirke
Orc:1:    layout_caves
Orc:2:    st_orc_elflike, layout_caves, uniq_jorgrun
Depths:1: layout_gridville, serial_glass, glass_columns_a, glass_columns_a,
          pf_coc_iceberg, chequers_big_river, hangedman_decor_opposing,
          minmay_misc_feat_room, item_on_display_a, uniq_aizul
Depths:2: minmay_the_grid_triangle_9x9_recursive_3
          [minmay_the_grid_triangle_9x9_impossible_snake,
          minmay_the_grid_triangle_9x9_dagger,
          minmay_the_grid_triangle_9x9_alien,
          minmay_the_grid_triangle_9x9_prize_center,
          minmay_the_grid_triangle_9x9_sprig,
          minmay_the_grid_triangle_9x9_checkered,
          minmay_the_grid_triangle_9x9_zippers_horizontal,
          minmay_the_grid_triangle_9x9_windchime,
          minmay_the_grid_triangle_9x9_minimal], layout_honeycomb,
          serial_sigils_hangedman_carve, grunt_mini_vestibule, abyss_entry,
          uniq_saint_roka
Depths:3: kennysheep_six_static_rooms, layout_cave_pools, minmay_crystal_water,
          abyss_entry, hell_entry, special_room [special_room_morgue],
          rand_demon_pan_entry_9, grunt_decor_one_mirror,
          kennysheep_generic_room_12, minmay_staircase_windowed_large,
          uniq_asterion, uniq_jory
Depths:4: grunt_runaround [grunt_runaround_doors_1, grunt_runaround_doors_2,
          grunt_runaround_doors_3, grunt_runaround_doors_4,
          grunt_runaround_loot], abyss_entry, pan_entry, hell_entry

Skill      XL: |  1  2  3  4  5  6  7  8  9 10 11 12 13 14 15 16 17 18 19 20 21 22 |
---------------+-------------------------------------------------------------------+-----
Dodging        | 1 2 3 4 5 6 7 8 9 |  9.0
Shields        | 4 5 6 7 8 9 10 12 13 14 15 16 17 18 19 | 19.0
Long Blades    | 3 4 5 6 7 9 10 11 12 13 14 15 | 15.0
Evocations     | 1 2 3 4 5 6 7 8 9 10 11 | 11.0
Fighting       | 4 5 6 7 9 10 11 12 13 14 15 16 17 18 | 18.0
Armour         | 4 5 7 8 9 10 11 12 13 14 15 16 17 | 17.4
Invocations    | 3 4 5 6 7 8 9 10 11 12 | 12.0
Crossbows      | 4 10 11 12 13 14 15 | 15.0

Action                   |  1- 3 |  4- 6 |  7- 9 | 10-12 | 13-15 | 16-18 | 19-21 | 22-24 || total
-------------------------+-------+-------+-------+-------+-------+-------+-------+-------++-------
Melee: Long sword        |   103 |   139 |   300 |     7 |       |       |       |       ||   549
       Great sword       |       |       |   124 |   495 |   711 |   692 |   786 |   435 ||  3243
       Scimitar          |       |       |       |     7 |    12 |       |       |       ||    19
 Fire: Arbalest          |       |       |       |       |   235 |   340 |   594 |    85 ||  1254
       Triple crossbow   |       |       |       |       |    42 |       |       |       ||    42
Invok: Heroism           |       |       |     6 |     9 |     6 |     5 |     6 |     3 ||    35
       Finesse           |       |       |       |     2 |     5 |     3 |     4 |     3 ||    17
 Abil: Dig               |       |     2 |     5 |     5 |     8 |     8 |     7 |     3 ||    38
       Evoke Flight      |       |       |       |     1 |     3 |       |    19 |       ||    23
Evoke: Box of beasts     |       |       |       |       |     1 |       |       |       ||     1
       Wand              |       |       |       |       |       |     1 |       |       ||     1
       Condenser vane    |       |       |       |       |       |       |     1 |       ||     1
  Use: Scroll            |     6 |     7 |     5 |     9 |    14 |     4 |     4 |     1 ||    50
       Potion            |       |     2 |     2 |     1 |       |       |     3 |     1 ||     9
 Stab: Distracted        |       |       |       |       |     1 |       |       |       ||     1
Armor: Scale mail        |    40 |    46 |    90 |       |       |       |       |       ||   176
       Skin              |       |     1 |     8 |       |       |       |       |       ||     9
       Plate armour      |       |       |    22 |   111 |   239 |   142 |   196 |       ||   710
       Crystal plate arm |       |       |       |       |       |       |    36 |    98 ||   134
Dodge: Dodged            |    33 |    39 |   112 |   169 |   273 |   180 |   252 |   114 ||  1172
Block: Kite shield       |    62 |    64 |   289 |   335 |   675 |   154 |       |       ||  1579
       Reflection        |       |       |       |       |    30 |    88 |   132 |    10 ||   260
       Tower shield      |       |       |       |       |       |   627 |  1095 |   420 ||  2142
       Rpst.: Long sword |    14 |    11 |    28 |       |       |       |       |       ||    53
       Great sword       |       |       |    12 |    43 |    71 |    34 |    39 |    15 ||   214
       Scimitar          |       |       |       |     1 |       |       |       |       ||     1

Table legend: (Time is in decaauts)
 A = Elapsed time spent in this place.
 B = Non-inter-level travel time spent in this place.
 C = Inter-level travel time spent in this place.
 D = Time resting spent in this place.
 E = Time spent auto-exploring this place.
 F = Levels seen in this place.
 G = Mean time per level.
                   A        B        C        D        E       F      G
               +--------+--------+--------+--------+--------+-----+--------+
         Total |  52536 |  48395 |   4141 |   2729 |  35123 |  38 | 1382.5 |
       Dungeon |  18379 |  16417 |   1962 |    645 |  12488 |  15 | 1225.3 |
        Temple |    468 |    394 |     74 |      0 |    393 |   1 |  468.0 |
          Lair |   7521 |   6560 |    961 |    205 |   4560 |   6 | 1253.5 |
        Shoals |   6757 |   6502 |    255 |     81 |   5187 |   4 | 1689.2 |
     Snake Pit |   7507 |   7110 |    397 |    769 |   4950 |   4 | 1876.8 |
  Orcish Mines |   1722 |   1646 |     76 |      8 |   1093 |   2 |  861.0 |
        Depths |   8261 |   7847 |    414 |    854 |   5254 |   4 | 2065.2 |
      Ice Cave |   1107 |   1107 |      0 |      0 |    708 |   1 | 1107.0 |
       Volcano |    810 |    810 |      0 |    166 |    488 |   1 |  810.0 |
               +--------+--------+--------+--------+--------+-----+--------+

Top non-repeatable levels by time:
Depths:2: 3478 daAuts
 Snake:4: 3149 daAuts
Shoals:1: 2313 daAuts
Depths:3: 2275 daAuts
     D:6: 2025 daAuts
 Snake:1: 1881 daAuts
     D:5: 1757 daAuts
  Lair:6: 1728 daAuts
Shoals:4: 1704 daAuts
  Lair:2: 1677 daAuts
     D:2: 1671 daAuts
    D:13: 1650 daAuts
     D:4: 1484 daAuts
Depths:1: 1479 daAuts
Shoals:3: 1458 daAuts
